 Dungeon Crawl Stone Soup version 0.18.1-48-g4cf74bf (webtiles) character file.

12973 sarahorange the Thaumaturge (level 11, -1/63 HPs)
             Began as a High Elf Conjurer on July 30, 2016.
             Was a High Priest of Vehumet.
             Slain by an orc warrior
             ... wielding a +0 trident
              (17 damage)
             ... on level 2 of the Orcish Mines on July 31, 2016.
             The game lasted 02:52:56 (17289 turns).

sarahorange the Thaumaturge (High Elf Conjurer)    Turns: 17289, Time: 02:52:57

Health: -1/63      AC: 11    Str:  8    XL:     11   Next: 69%
Magic:  25/38      EV: 16    Int: 23    God:    Vehumet [*****.]
Gold:   1228       SH:  0    Dex: 15    Spells: 11 memorised, 3 levels left

rFire  . . .     SeeInvis .     j - +2 blowgun
rCold  + . .     Gourm    +     q - +2 robe of Duures {rC+}
rNeg   . . .     Faith    .     (no shield)
rPois  .         Spirit   .     (no helmet)
rElec  .         Dismiss  .     h - +0 cloak
rCorr  .         Reflect  .     R - +1 pair of gloves
SustAt .         Harm     .     (no boots)
MR     +....                    F - amulet of the gourmand
Stlth  +++.......               l - ring of magical power
                                z - +4 ring of protection

@: somewhat resistant to hostile enchantments, fairly stealthy
A: no striking features
a: Renounce Religion


You were on level 2 of the Orcish Mines.
You worshipped Vehumet.
Vehumet was extremely pleased with you.
You were full.

You visited 3 branches of the dungeon, and saw 13 of its levels.

You collected 1228 gold pieces.

Inventory:

Hand Weapons
 j - a +2 blowgun (weapon)
 m - a +3 short sword of protection
 p - a +0 hunting sling
Missiles
 d - 320 stones
 o - 65 sling bullets
 r - 122 poisoned needles (quivered)
 M - 4 silver javelins
Armour
 h - a +0 cloak (worn)
 q - the +2 robe of Duures (worn) {rC+}
   (You found it on level 4 of the Dungeon)

   It protects you from cold.
 R - a +1 pair of gloves (worn)
Rods
 L - a +0 rod of shadows (9/9)
   (You took it off a goblin on level 7 of the Dungeon)
Jewellery
 a - an uncursed ring of flight
 g - an uncursed ring of poison resistance
 l - a ring of magical power (right hand)
 z - a +4 ring of protection (left hand)
 F - an amulet of the gourmand (around neck)
 U - an uncursed ring of resist corrosion
Wands
 E - a wand of iceblast (10/15)
 I - a wand of slowing (0/48)
 Q - a wand of slowing (20/48)
 T - a wand of polymorph (11/24)
Scrolls
 s - a scroll of identify
 v - 6 scrolls of remove curse
 w - 3 scrolls of amnesia
 y - a scroll of immolation
 C - 2 scrolls of fear
 H - a scroll of fog
Potions
 e - 9 potions of curing
 f - 2 potions of lignification
 i - 2 potions of heal wounds {unknown}
 n - 3 potions of flight {unknown}
 u - a potion of cancellation {unknown}
 x - 4 potions of might
 A - 2 potions of agility
 B - a potion of magic {unknown}
 S - 2 potions of mutation {unknown}
Books
 b - a book of Conjurations

   Spells                             Type                      Level
   a - Magic Dart                     Conjuration                  1
   b - Searing Ray                    Conjuration                  2
   c - Dazzling Spray                 Conjuration/Hexes            3
   d - Fulminant Prism                Conjuration/Hexes            4
   e - Iskenderun's Mystic Blast      Conjuration                  4
   f - Iskenderun's Battlesphere      Conjuration/Charms           5
 t - a book of Flames

   Spells                             Type                      Level
   a - Flame Tongue                   Conjuration/Fire             1
   b - Throw Flame                    Conjuration/Fire             2
   c - Conjure Flame                  Conjuration/Fire             3
   d - Inner Flame                    Hexes/Fire                   3
   e - Sticky Flame                   Conjuration/Fire             4
   f - Fireball                       Conjuration/Fire             5
 K - a book of Minor Magic

   Spells                             Type                      Level
   a - Magic Dart                     Conjuration                  1
   b - Blink                          Translocation                2
   c - Call Imp                       Summoning                    2
   d - Repel Missiles                 Charms/Air                   2
   e - Slow                           Hexes                        2
   f - Conjure Flame                  Conjuration/Fire             3
   g - Mephitic Cloud                 Conjuration/Poison/Air       3
 P - a book of Unlife

   Spells                             Type                      Level
   a - Recall                         Summoning/Translocation      3
   b - Animate Dead                   Necromancy                   4
   c - Control Undead                 Necromancy                   4
   d - Cigotuvi's Embrace             Necromancy                   5
   e - Death Channel                  Necromancy                   6
   f - Simulacrum                     Ice/Necromancy               6
Comestibles
 c - 9 bread rations
 D - a slice of pizza
 G - 10 fruits
 J - a beef jerky
 O - 4 royal jellies


   Skills:
 - Level 1.0 Fighting
 - Level 0.2 Short Blades
 - Level 0.2(2.6) Slings
 + Level 5.1 Throwing
 + Level 6.9 Dodging
 + Level 4.8 Stealth
 * Level 13.4 Spellcasting
 + Level 10.6 Conjurations
 + Level 3.0 Hexes
 + Level 2.4 Charms
 + Level 3.6 Translocations
 + Level 3.1 Fire Magic
 + Level 1.3 Air Magic
 + Level 0.2 Poison Magic


You had 3 spell levels left.
You knew the following spells:

 Your Spells              Type           Power        Failure   Level  Hunger
a - Magic Dart            Conj           ####         1%          1    None
b - Searing Ray           Conj           ######       1%          2    None
c - Dazzling Spray        Conj/Hex       #####.       1%          3    None
d - Fulminant Prism       Conj/Hex       #####.....   1%          4    None
e - Throw Flame           Conj/Fire      #####.       1%          2    None
f - Sticky Flame          Conj/Fire      #####...     1%          4    None
g - Repel Missiles        Chrm/Air       ###...       2%          2    None
h - Blink                 Tloc           N/A          1%          2    None
i - Iskenderun's Battles  Conj/Chrm      #####...     2%          5    ###....
j - Mephitic Cloud        Conj/Pois/Air  ####....     1%          3    None
k - Lightning Bolt        Conj/Air       #####.....   3%          5    ###....


Dungeon Overview and Level Annotations

Branches:
Dungeon (10/15)            Temple (1/1) D:4             Orc (2/2) D:10
    Elf (0/3) Orc:2
   Lair: D:8-11

Altars:
Ashenzari
Cheibriados
Dithmenos
Elyvilon
Fedhas
Gozag
Kikubaaqudgha
Makhleb
Nemelex Xobeh
Okawaru
Pakellas
Qazlal
Ru
Sif Muna
Trog
Vehumet
Xom
Yredelemnul
Zin
The Shining One
Beogh

Shops:
D:6 *   D:10 *


Message History

Your battlesphere fires!
The barrage of energy hits the orc knight.
The orc knight is severely wounded.
Your battlesphere expends the last of its energy and dissipates.
The orc knight roars a battlecry!
The orc warrior goes into a battle-frenzy!
The orc knight hits you with a battleaxe!!
The searing ray hits the orc knight.
The orc knight is almost dead.
The searing ray hits the orc knight.
You kill the orc knight!
Vehumet accepts your kill.
You feel your power returning.
The orc warrior hits you from afar with a trident!
* * * LOW HITPOINT WARNING * * *
Casting: Searing Ray
Confirm with . or Enter, or press ? or * to list all spells.
You blink.
The orc warrior hits you from afar with a trident!
You die...

.## ##.#........# ..##
##.#.........## ...#
#.............##
...####.............##
....#...........[....#
.....................###
.............#....(###.#
..........#..##......§.### ###
..........#####.@.o......####<##
..........## ##..........#...)#
...........#####...)§.........##
............##............#.###
.........#.###.......########
............##..........#
......................###
............)........##
...#.#...............#


You could see an orc warrior.

Vanquished Creatures
  An orc high priest (Orc:2)
  A hill giant (D:10)
  2 orc knights (Orc:2)
  Pikel (D:7)
  A deep elf mage (Orc:2)
  An orc sorcerer (Orc:2)
  A troll (D:10)
  A two-headed ogre (Orc:2)
  A hill giant zombie (D:10)
  A hippogriff (D:9)
  6 hungry ghosts
  A warg (Orc:2)
  A water moccasin (D:9)
  Duvessa (D:6)
  An ice beast (D:4)
  23 orc warriors
  2 sky beasts
  A black bear (D:8)
  A phantom (D:5)
  8 ogres
  4 centaurs
  2 big kobolds (D:10)
  8 giant frogs
  2 water moccasin zombies
  Dowan (D:6)
  2 scorpions
  2 troll zombies (D:10)
  4 killer bees (D:10)
  An oklob sapling (D:4)
  2 spriggan skeletons (D:9)
  3 wights (D:9)
  4 howler monkeys (D:10)
  6 electric eels (D:10)
  6 crimson imps
  A jelly (D:9)
  3 giant frog zombies
  4 centaur skeletons
  A gnoll shaman (Orc:2)
  4 hounds
  21 orc priests
  22 orc wizards
  2 iguanas
  7 worker ants
  5 ogre zombies (D:10)
  3 hound zombies
  2 hound skeletons
  7 gnolls
  A worker ant zombie (D:9)
  14 adders
  2 shadow imps
  3 oozes
  2 worms
  8 giant geckos
  80 orcs
  8 giant cockroaches
  9 goblins
  4 hobgoblins
  16 jackals
  2 quokkas
  8 bats
  A giant gecko skeleton (D:4)
  3 giant newts
  A goblin skeleton (D:10)
  4 goblin zombies (D:10)
  3 hobgoblin skeletons (D:10)
  26 kobolds
  5 orc skeletons (D:10)
  12 orc zombies (D:10)
  9 rats
  A plant (D:4)
407 creatures vanquished.

Vanquished Creatures (others)
  A centaur zombie (D:7)
  A giant cockroach (D:7)
  18 fulminant prisms
  24 plants (D:10)
44 creatures vanquished.

Grand Total: 451 creatures vanquished

Notes
Turn   | Place    | Note
--------------------------------------------------------------
     0 | D:1      | sarahorange the High Elf Conjurer began the quest for the Orb.
     0 | D:1      | Reached XP level 1. HP: 11/11 MP: 4/4
   246 | D:1      | Reached XP level 2. HP: 14/17 MP: 0/6
   250 | D:1      | Learned a level 2 spell: Searing Ray
   420 | D:1      | Reached skill level 5 in Conjurations
   624 | D:2      | Reached XP level 3. HP: 21/21 MP: 4/8
   668 | D:2      | Found an oddly glowing altar of Pakellas.
  1126 | D:2      | Reached skill level 3 in Spellcasting
  1357 | D:2      | Reached XP level 4. HP: 27/27 MP: 2/9
  1500 | D:2      | Learned a level 3 spell: Dazzling Spray
  1635 | D:3      | Found a white marble altar of Elyvilon.
  2568 | D:3      | Reached XP level 5. HP: 31/31 MP: 8/11
  2575 | D:3      | Learned a level 4 spell: Fulminant Prism
  3635 | D:4      | Found a staircase to the Ecumenical Temple.
  3807 | D:4      | Reached skill level 4 in Spellcasting
  3815 | Temple   | Entered the Ecumenical Temple
  3877 | Temple   | Became a worshipper of Vehumet
  4221 | D:4      | Reached skill level 1 in Hexes
  4221 | D:4      | Reached XP level 6. HP: 17/36 MP: 8/13
  4351 | D:4      | Reached skill level 1 in Throwing
  4531 | D:4      | Got a heavily jewelled robe
  4542 | D:4      | Identified the +2 robe of Duures {rC+} (You found it on level 4 of the Dungeon)
  4659 | D:4      | Learned a level 2 spell: Throw Flame
  5124 | D:5      | Entered Level 5 of the Dungeon
  5168 | D:5      | Noticed an ice beast
  5195 | D:4      | Killed an ice beast
  5195 | D:4      | Reached skill level 5 in Spellcasting
  5273 | D:5      | Reached * piety under Vehumet
  5273 | D:5      | Offered knowledge of Shock by Vehumet.
  5332 | D:5      | Reached XP level 7. HP: 41/41 MP: 15/15
  5534 | D:5      | Reached skill level 1 in Fire Magic
  5994 | D:6      | Reached skill level 6 in Spellcasting
  6263 | D:6      | Found Zin's Purification Station.
  6264 | D:6      | Found a glowing silver altar of Zin.
  6278 | D:6      | Reached XP level 8. HP: 47/47 MP: 18/18
  6348 | D:6      | Found an opulent altar of Gozag.
  6348 | D:6      | Noticed Dowan
  6357 | D:6      | Killed Dowan
  6438 | D:6      | Found a shimmering altar of Xom.
  6458 | D:6      | Learned a level 4 spell: Sticky Flame
  6792 | D:6      | Noticed Duvessa
  6805 | D:6      | Killed Duvessa
  7154 | D:6      | Reached skill level 7 in Spellcasting
  7412 | D:7      | Offered knowledge of Sandblast by Vehumet.
  7421 | D:7      | Reached ** piety under Vehumet
  7694 | D:7      | Noticed a skeletal warrior
  7838 | D:7      | Found an oddly glowing altar of Pakellas.
  7937 | D:7      | Reached XP level 9. HP: 52/52 MP: 21/21
  7970 | D:7      | Learned a level 2 spell: Repel Missiles
  7973 | D:7      | Learned a level 2 spell: Blink
  8177 | D:7      | Noticed Pikel
  8187 | D:7      | Killed Pikel
  8187 | D:7      | Reached skill level 1 in Fighting
  8187 | D:7      | Reached skill level 5 in Dodging
  8187 | D:7      | Reached skill level 1 in Translocations
  8345 | D:7      | Noticed a skeletal warrior
  8587 | D:7      | Noticed a skeletal warrior
  8601 | D:7      | Noticed a skeletal warrior
  8749 | D:8      | Reached skill level 8 in Spellcasting
  8819 | D:8      | Found a blossoming altar of Fedhas.
  8821 | D:8      | Found a stormy altar of Qazlal.
  9116 | D:8      | Learned a level 5 spell: Iskenderun's Battlesphere
  9902 | D:9      | Offered knowledge of Stone Arrow by Vehumet.
  9953 | D:9      | Reached skill level 9 in Spellcasting
  9985 | D:9      | Found a shadowy altar of Dithmenos.
 10127 | D:9      | Reached *** piety under Vehumet
 10192 | D:9      | Reached XP level 10. HP: 58/58 MP: 23/24
 10199 | D:9      | Learned a level 3 spell: Mephitic Cloud
 10460 | D:9      | Identified a +0 rod of shadows (9/9) (You took it off a goblin on level 7 of the Dungeon)
 10601 | D:9      | Found a snail-covered altar of Cheibriados.
 10790 | D:10     | Entered Level 10 of the Dungeon
 10806 | D:10     | Reached skill level 10 in Spellcasting
 10841 | D:10     | Reached skill level 1 in Charms
 11137 | D:10     | Offered knowledge of Ignite Poison by Vehumet.
 11229 | D:10     | Found Mossialu's General Store.
 11708 | D:10     | Reached **** piety under Vehumet
 11803 | D:10     | Noticed a hill giant
 11815 | D:10     | Killed a hill giant
 11815 | D:10     | Reached skill level 11 in Spellcasting
 11829 | D:10     | Offered knowledge of Olgreb's Toxic Radiance by Vehumet.
 12352 | D:10     | Reached skill level 1 in Air Magic
 12356 | D:10     | Noticed a brown ugly thing
 13211 | D:10     | Found a staircase to the Orcish Mines.
 13260 | D:10     | Reached ***** piety under Vehumet
 13260 | D:10     | Reached skill level 5 in Throwing
 13415 | Orc:1    | Entered Level 1 of the Orcish Mines
 13503 | Orc:1    | Offered knowledge of Lightning Bolt by Vehumet.
 13774 | D:10     | HP: 2/58 [troll (3)]
 14343 | Orc:1    | Reached XP level 11. HP: 63/63 MP: 27/27
 14814 | Orc:1    | Found a roughly hewn altar of Beogh.
 14860 | Orc:1    | Reached skill level 12 in Spellcasting
 15125 | Orc:2    | Entered Level 2 of the Orcish Mines
 15146 | Orc:2    | Reached skill level 10 in Conjurations
 15538 | Orc:2    | Noticed an orc knight
 15577 | Orc:2    | Noticed a stone giant
 15606 | Orc:2    | Killed an orc knight
 15814 | Orc:2    | Noticed an orc high priest
 15817 | Orc:2    | Noticed a sun demon
 15898 | Orc:2    | Found a staircase to the Elven Halls.
 15932 | Orc:2    | Noticed an orc sorcerer
 15938 | Orc:2    | Killed an orc sorcerer
 15956 | Orc:2    | Noticed a deep elf mage
 16091 | Orc:2    | Killed a deep elf mage
 16091 | Orc:2    | Reached skill level 13 in Spellcasting
 16103 | Orc:2    | Learned a level 5 spell: Lightning Bolt
 16954 | Orc:2    | Killed an orc high priest
 16978 | Orc:2    | Noticed an orc knight
 17288 | Orc:2    | Killed an orc knight
 17289 | Orc:2    | Slain by an orc warrior

Skill      XL: |  1  2  3  4  5  6  7  8  9 10 11 |
---------------+----------------------------------+-----
Conjurations   | 5 6 7 8 9 10 | 10.6
Spellcasting   | 3 4 5 6 7 9 11 13 | 13.4
Dodging        | 3 4 5 6 |  6.9
Hexes          | 1 2 3 |  3.0
Throwing       | 1 2 4 5 |  5.1
Fire Magic     | 2 3 |  3.1
Stealth        | 3 4 |  4.8
Fighting       | 1 |  1.0
Translocations | 2 3 |  3.6
Charms         | 1 2 |  2.4
Air Magic      | 1 |  1.3
Short Blades   | |  0.2
Slings         | |  0.2
Poison Magic   | |  0.2

Action                   |  1- 3 |  4- 6 |  7- 9 | 10-12 || total
-------------------------+-------+-------+-------+-------++-------
Melee: Short sword       |    14 |    89 |       |       ||   103
 Fire: Hunting sling     |     4 |       |       |       ||     4
       Blowgun           |       |    14 |    41 |    42 ||    97
Throw: Stone             |     3 |     7 |       |     1 ||    11
       Throwing net      |       |       |     1 |       ||     1
 Cast: Magic Dart        |    56 |    67 |    63 |   196 ||   382
       Searing Ray       |     7 |    32 |    81 |   112 ||   232
       Dazzling Spray    |       |     5 |     2 |    48 ||    55
       Throw Flame       |       |     5 |       |       ||     5
       Fulminant Prism   |       |     1 |    11 |     6 ||    18
       Blink             |       |       |     7 |    25 ||    32
       Repel Missiles    |       |       |     1 |     4 ||     5
       Sticky Flame      |       |       |     1 |       ||     1
       Iskenderun's Batt |       |       |       |    34 ||    34
       Lightning Bolt    |       |       |       |     2 ||     2
       Mephitic Cloud    |       |       |       |     1 ||     1
Evoke: Rod               |       |       |       |     1 ||     1
  Use: Scroll            |       |     5 |    14 |     4 ||    23
       Potion            |       |       |     2 |     1 ||     3
  Eat: Chunk             |     2 |     6 |    25 |    29 ||    62
       Meat ration       |       |     1 |       |     1 ||     2
       Royal jelly       |       |     1 |       |       ||     1
       Beef jerky        |       |       |     1 |       ||     1
Armor: Robe              |     7 |    16 |    21 |    55 ||    99
       Skin              |       |       |     6 |       ||     6
Dodge: Dodged            |    20 |    41 |    56 |   161 ||   278
       Deflected         |       |       |     1 |     8 ||     9
